 Dungeon Crawl Stone Soup version 0.29-a0-575-g0dc89cf053 (webtiles) character file.

Game seed: 8653307883862284858

1584 croobank the Covert (level 8, -3/67 HPs)
             Began as a Gnoll Delver on June 12, 2022.
             Was an Initiate of Gozag.
             Killed by nerve-wracking pain
             ... invoked by an orc priest
              (14 damage)
             ... on level 7 of the Dungeon.
             The game lasted 00:21:37 (8168 turns).

croobank the Covert (Gnoll Delver)                  Turns: 8168, Time: 00:21:50

Health: -3/67      AC: 14    Str: 13    XL:     8   Next: 92%
Magic:  12/13      EV: 12    Int: 11    God:    Gozag
Gold:   414        SH:  0    Dex: 13    Spells: 13/14 levels left

rFire   . . .      SeeInvis .   z - +0 quarterstaff (drain)
rCold   . . .      Faith    .   (shield currently unavailable)
rNeg    . . .      Spirit   .   D - +4 ring mail
rPois   .          Reflect  .   (no helmet)
rElec   .          Harm     .   r - +0 cloak
rCorr   .          Rampage  .   l - +1 pair of gloves
Will    +....                   y - +0 pair of boots
Stlth   ++++......              (no amulet)
HPRegen 0.21/turn               o - ring of willpower
MPRegen 0.13/turn               (no ring)

@: gold aura
A: fangs 1, strong nose, distributed training
a: Renounce Religion, Potion Petition, Call Merchant, Bribe Branch


You were on level 7 of the Dungeon.
You worshipped Gozag.
Gozag was aware of your devotion.
You visited 2 branches of the dungeon, and saw 8 of its levels.

You collected 556 gold pieces.
You paid 142 gold pieces to Gozag.

Inventory:

Hand Weapons
 a - a +0 hand axe
 d - a +0 dire flail
 h - a +2 short sword of protection
 k - a +0 hunting sling
 m - a +0 dagger
 z - a +0 quarterstaff of draining (weapon)
 A - a +3 vorpal mace
 G - a +2 falchion of electrocution
Missiles
 e - 5 boomerangs
 q - 258 stones (quivered)
 t - 28 poisoned darts
Armour
 b - a +0 leather armour
 l - a +1 pair of gloves (worn)
 p - a +0 plate armour
 r - a +0 cloak (worn)
 y - a +0 pair of boots (worn)
 D - a +4 ring mail (worn)
Jewellery
 o - a ring of willpower (left hand)
Wands
 g - a wand of digging (2)
 B - a wand of iceblast (13)
Scrolls
 c - 2 scrolls of fog
 f - 3 scrolls of immolation
 n - 2 scrolls of fear
 u - a scroll of blinking
 v - 3 scrolls of teleportation
Potions
 i - 6 potions of curing
 j - a potion of flight
 s - 2 potions of mutation
 w - 4 potions of lignification {unknown}
 x - 2 potions of degeneration {unknown}
 H - a potion of heal wounds


   Skills:
 + Level 7.6 Fighting
 + Level 3.7 Short Blades
 + Level 3.7 Long Blades
 + Level 5.9 Axes
 + Level 3.7 Maces & Flails
 + Level 3.7 Polearms
 + Level 3.7 Staves
 + Level 3.7 Slings
 + Level 3.7 Bows
 + Level 3.7 Crossbows
 + Level 3.7 Throwing
 + Level 3.7 Armour
 + Level 5.9 Dodging
 + Level 10.3 Stealth
 + Level 3.7 Shields
 + Level 3.7 Unarmed Combat
 + Level 3.7 Spellcasting
 + Level 3.0 Conjurations
 + Level 3.0 Hexes
 + Level 3.0 Summonings
 + Level 3.0 Necromancy
 + Level 3.0 Translocations
 + Level 3.0 Transmutations
 + Level 3.0 Fire Magic
 + Level 3.0 Ice Magic
 + Level 3.0 Air Magic
 + Level 3.0 Earth Magic
 + Level 3.0 Poison Magic
 + Level 4.0 Invocations
 + Level 3.7 Evocations


You had 13 spell levels left.
You knew the following spells:

 Your Spells              Type           Power      Damage    Failure   Level
a - Necrotize             Necr           32%        1d5       14%         1

Your spell library contained the following spells:

 Spells                   Type           Power      Damage    Failure   Level
 Apportation              Tloc           16%        N/A       14%         1
 Summon Small Mammal      Summ           32%        N/A       14%         1
 Gell's Gravitas          Tloc           8%         N/A       41%         3
 Lesser Beckoning         Tloc           8%         N/A       41%         3
 Teleport Other           Tloc           8%         N/A       41%         3


Dungeon Overview and Level Annotations

Branches:
Dungeon (7/15)             Temple (1/1) D:7

Altars:
Ashenzari
Dithmenos
Gozag
Hepliaklqana
Okawaru
Ru
Trog
Yredelemnul
The Shining One

Annotations:
D:4 2 transporters, DocClef's ghost, weakling GnDe
D:5 2 runed translucent doors


Innate Abilities, Weirdness & Mutations

You have very sharp teeth.
Your uncanny sense of smell can sniff out nearby items.
Your experience applies equally to all skills.


Message History

The orc priest hits you but does no damage.
You hit the orc priest but do no damage.
You drain the orc priest.
The orc priest is moderately wounded.
The orc priest barely misses you.
You hit the orc priest.
You bite the orc priest, but do no damage.
The orc priest is heavily wounded.
The orc priest hits you with a +0 hand axe of freezing.
The orc priest freezes you.
You closely miss the orc priest. Your bite misses the orc priest.
The orc priest is heavily wounded.
The orc priest hits you but does no damage.
You hit the orc priest but do no damage.
You drain the orc priest. Your bite misses the orc priest.
The orc priest is severely wounded.
The orc priest calls down the wrath of Beogh upon you.
Beogh smites you!
* * * LOW HITPOINT WARNING * * *
You barely miss the orc priest.
The orc priest is severely wounded.
The orc priest hits you but does no damage.
You hit the orc priest but do no damage.
You drain the orc priest.
The orc priest is almost dead.
The orc priest invokes the aid of Beogh against you.
Beogh smites you!
* * * LOW HITPOINT WARNING * * *
Really walk into that teleport trap?
Okay, then.
Casting: Necrotize (safe; 14% risk of failure)
Confirm with . or Enter, or press ? or * to list all spells.
Aiming: Necrotize (safe; 14% risk of failure)
Press: ? - help, Shift-Dir - straight line, f - orc priest
Aim: an orc priest, wielding a +0 hand axe of freezing and wearing a +3 leather armour (almost dead, heavily drained, chance to affect: 71%)
The orc priest struggles to resist.
The orc priest mumbles some strange prayers to Beogh against you.
Pain shoots through your body!
You die...
Your body crumbles into a pile of gold.

.............
.............####.... ##
#....................
...#...................#
........................
........................ $
.......o..........#.....
##.).$@^............#
.....................### .# #....
...............###.....# .#.#....
...........#...# #...#.# ...#....
...............# #...#)#
...#.................#[####...#.#
...#.....#...........#.#......#)#
...#.....#...........#.#........#
...#....##############.#......###


You could see an orc priest (very drained).

Vanquished Creatures
  A hornet (D:7)
  A sky beast (D:7)
  An ice beast (D:5)
  2 orc warriors
  4 phantoms
  A kobold brigand (D:6)
  A howler monkey (D:5)
  2 hounds (D:5)
  A jelly (D:5)
  3 iguanas
  7 orc wizards
  3 gnolls (D:5)
  5 adders
  A shadow imp (D:6)
  2 white imps
  An ufetubus (D:5)
  2 worms
  34 orcs
  11 ball pythons
  5 endoplasms
  2 giant cockroaches (D:1)
  2 goblins
  9 hobgoblins
  7 jackals
  15 kobolds
  4 quokkas
  6 bats
  7 frilled lizards
  4 rats
144 creatures vanquished.

Vanquished Creatures (others)
  3 fungi (D:4)
  4 toadstools (D:4)
7 creatures vanquished.

Grand Total: 151 creatures vanquished

Notes
Turn   | Place    | Note
-------+----------+-------------------------------------------
     0 | D:5      | Reached skill level 9 in Stealth
     0 | D:5      | croobank the Gnoll Delver began the quest for the Orb.
     0 | D:5      | Reached XP level 1. HP: 23/23 MP: 1/1
     6 | D:5      | Noticed an ice beast
    66 | D:5      | Noticed an iguana
   114 | D:5      | Noticed a jelly
   115 | D:5      | Noticed a phantom
   125 | D:5      | Reached XP level 2. HP: 23/29 MP: 2/2
   529 | D:1      | Reached XP level 3. HP: 23/35 MP: 3/3
   902 | D:1      | Reached skill level 1 in Invocations
  1607 | D:2      | Reached skill level 1 in Short Blades
  1607 | D:2      | Reached skill level 1 in Long Blades
  1607 | D:2      | Reached skill level 1 in Maces & Flails
  1607 | D:2      | Reached skill level 1 in Polearms
  1607 | D:2      | Reached skill level 1 in Staves
  1607 | D:2      | Reached skill level 1 in Slings
  1607 | D:2      | Reached skill level 1 in Bows
  1607 | D:2      | Reached skill level 1 in Crossbows
  1607 | D:2      | Reached skill level 1 in Throwing
  1607 | D:2      | Reached skill level 1 in Armour
  1607 | D:2      | Reached skill level 1 in Shields
  1607 | D:2      | Reached skill level 1 in Unarmed Combat
  1607 | D:2      | Reached skill level 1 in Spellcasting
  1607 | D:2      | Reached skill level 1 in Evocations
  1832 | D:2      | Reached XP level 4. HP: 41/41 MP: 5/5
  2268 | D:3      | Reached skill level 1 in Conjurations
  2268 | D:3      | Reached skill level 1 in Hexes
  2268 | D:3      | Reached skill level 1 in Summonings
  2268 | D:3      | Reached skill level 1 in Necromancy
  2268 | D:3      | Reached skill level 1 in Translocations
  2268 | D:3      | Reached skill level 1 in Transmutations
  2268 | D:3      | Reached skill level 1 in Fire Magic
  2268 | D:3      | Reached skill level 1 in Ice Magic
  2268 | D:3      | Reached skill level 1 in Air Magic
  2268 | D:3      | Reached skill level 1 in Earth Magic
  2268 | D:3      | Reached skill level 1 in Poison Magic
  2562 | D:3      | Reached XP level 5. HP: 47/47 MP: 6/6
  3628 | D:4      | Found a transporter.
  3631 | D:4      | Found a transporter.
  3631 | D:4      | Noticed a kobold brigand
  3634 | D:4      | Noticed DocClef's ghost (weakling GnDe)
  4018 | D:6      | Killed a phantom
  4019 | D:6      | Reached XP level 6. HP: 37/53 MP: 8/8
  4138 | D:5      | Killed an ice beast
  4139 | D:5      | Reached skill level 5 in Axes
  4139 | D:5      | Reached skill level 5 in Dodging
  4384 | D:5      | Reached XP level 7. HP: 23/59 MP: 10/10
  4752 | D:5      | Found a large runed translucent door.
  4753 | D:5      | Found a large runed translucent door.
  5476 | D:5      | Reached skill level 10 in Stealth
  5809 | D:6      | Reached XP level 8. HP: 55/67 MP: 12/12
  6129 | D:6      | Found a glowing golden altar of the Shining One.
  6130 | D:6      | Found a sacrificial altar of Ru.
  6692 | D:7      | Found a staircase to the Ecumenical Temple.
  6703 | D:7      | Found a basalt altar of Yredelemnul.
  6728 | Temple   | Entered the Ecumenical Temple
  6766 | Temple   | Became a worshipper of Gozag Ym Sagoz the Greedy
  6847 | D:7      | Noticed a hornet
  6972 | D:7      | Killed a hornet
  7016 | D:7      | Learned a level 1 spell: Necrotize
  8168 | D:7      | Killed from afar by an orc priest

Illustrated notes

Levels and vault maps discovered:
D:1:      minmay_arrival_split_and_join, layout_basic
D:2:      layout_basic
D:3:      layout_basic, chequers_decorated_corner, due_unseen_surprise
D:4:      layout_cave_pools, gammafunk_ghost_arena, minmay_misc_feat_plants,
          minmay_gold_behind_fungi, skrybe_limestone_x
D:5:      layout_basic, jmf_multi_god_temple2, grunt_decor_mini_mirrors
D:6:      layout_loops_ring, chequers_temple_overflow_statue_of_worship,
          roderic_serpentine_path
D:7:      layout_basic, mainiacjoe_overflow_catwalk, temple_pool_b
Temple:   nicolae_temple_elliptical

Skill      XL: |  1  2  3  4  5  6  7  8 |
---------------+-------------------------+-----
Stealth        | 10 | 10.3
Invocations    | 1 2 3 4 |  4.0
Short Blades   | 1 2 3 |  3.7
Long Blades    | 1 2 3 |  3.7
Maces & Flails | 1 2 3 |  3.7
Polearms       | 1 2 3 |  3.7
Staves         | 1 2 3 |  3.7
Slings         | 1 2 3 |  3.7
Bows           | 1 2 3 |  3.7
Crossbows      | 1 2 3 |  3.7
Throwing       | 1 2 3 |  3.7
Armour         | 1 2 3 |  3.7
Shields        | 1 2 3 |  3.7
Unarmed Combat | 1 2 3 |  3.7
Spellcasting   | 1 2 3 |  3.7
Evocations     | 1 2 3 |  3.7
Conjurations   | 1 2 3 |  3.0
Hexes          | 1 2 3 |  3.0
Summonings     | 1 2 3 |  3.0
Necromancy     | 1 2 3 |  3.0
Translocations | 1 2 3 |  3.0
Transmutations | 1 2 3 |  3.0
Fire Magic     | 1 2 3 |  3.0
Ice Magic      | 1 2 3 |  3.0
Air Magic      | 1 2 3 |  3.0
Earth Magic    | 1 2 3 |  3.0
Poison Magic   | 1 2 3 |  3.0
Axes           | 5 |  5.9
Dodging        | 5 |  5.9
Fighting       | 7 |  7.6

Action                   |  1- 3 |  4- 6 |  7- 9 || total
-------------------------+-------+-------+-------++-------
Melee: Hand axe          |    84 |       |       ||    84
       Bite              |     9 |    16 |    47 ||    72
       Punch             |     1 |     1 |     3 ||     5
       Dagger            |    31 |    58 |     4 ||    93
       Short sword       |       |    76 |       ||    76
       Quarterstaff      |       |    35 |   279 ||   314
       Falchion          |       |       |    38 ||    38
 Cast: Necrotize         |       |       |     8 ||     8
Evoke: Wand              |       |     1 |       ||     1
  Use: Scroll            |     2 |     7 |     8 ||    17
       Potion            |     2 |     2 |     2 ||     6
 Stab: Sleeping          |    11 |    12 |     2 ||    25
       Distracted        |     1 |     1 |     2 ||     4
Armor: Leather armour    |     3 |       |       ||     3
       Ring mail         |    35 |    70 |   161 ||   266
Dodge: Dodged            |    68 |   102 |   173 ||   343

Table legend: (Time is in decaauts)
 A = Elapsed time spent in this place.
 B = Non-inter-level travel time spent in this place.
 C = Inter-level travel time spent in this place.
 D = Time resting spent in this place.
 E = Time spent auto-exploring this place.
 F = Levels seen in this place.
 G = Mean time per level.
                   A        B        C        D        E       F      G
               +--------+--------+--------+--------+--------+-----+--------+
         Total |   8206 |   8005 |    201 |   1731 |   4473 |   8 | 1025.8 |
       Dungeon |   8149 |   7966 |    183 |   1731 |   4445 |   7 | 1164.1 |
        Temple |     56 |     38 |     18 |      0 |     28 |   1 |   56.0 |
               +--------+--------+--------+--------+--------+-----+--------+

Top non-repeatable levels by time:
     D:5: 1773 daAuts
     D:6: 1456 daAuts
     D:3: 1100 daAuts
     D:7: 1082 daAuts
     D:1: 1069 daAuts
     D:4: 974 daAuts
     D:2: 691 daAuts
  Temple: 56 daAuts
